 Dungeon Crawl Stone Soup version 0.19-a0-1803-g97ff39f (webtiles) character file.

53 Flanowski the Insei (level 3, -4/18 HPs)
             Began as a Vine Stalker Transmuter on Oct 5, 2016.
             Slain by a worm (8 damage)
             ... on level 2 of the Dungeon.
             The game lasted 00:02:18 (1915 turns).

Flanowski the Insei (Vine Stalker Transmuter)       Turns: 1915, Time: 00:02:19

Health: -4/18      AC:  2    Str: 12    XL:     3   Next: 87%
Magic:  0/8        EV: 12    Int: 17    God:
Gold:   53         SH:  0    Dex: 15    Spells: 1 memorised, 6 levels left

rFire  . . .     SeeInvis .     f - +0 short sword (curse)
rCold  . . .     Gourm    .     b - +0 robe
rNeg   . . .     Faith    .     (no shield)
rPois  .         Spirit   +     (no helmet)
rElec  .         Dismiss  .     (no cloak)
rCorr  .         Reflect  .     (no gloves)
MR     .....     Harm     .     (no boots)
Stlth  ++........               (no amulet)
                                (no ring)
                                r - +4 ring of intelligence

@: very slightly contaminated
A: fangs 2, magic shield, antimagic bite, no device heal 3, rot immunity
a: no special abilities


You were on level 2 of the Dungeon.
You were very hungry.

You visited 1 branch of the dungeon, and saw 2 of its levels.

You collected 53 gold pieces.

Inventory:

Hand Weapons
 f - a cursed +0 short sword (weapon)
Missiles
 a - 36 arrows
Armour
 b - a +0 robe (worn)
Jewellery
 r - a +4 ring of intelligence (left hand)
Scrolls
 e - 2 scrolls of teleportation {unknown}
 h - 5 scrolls of identify {unknown}
 j - a scroll of recharging {unknown}
 k - a scroll of blinking {unknown}
 m - a scroll of immolation {unknown}
 o - 2 scrolls of enchant weapon {unknown}
Potions
 l - a potion of flight {unknown}
 q - 2 potions of magic {unknown}
Books
 c - a book of Changes

   Spells                             Type                      Level
   a - Beastly Appendage              Transmutation                1
   b - Sticks to Snakes               Transmutation                2
   c - Spider Form                    Transmutation/Poison         3
   d - Ice Form                       Ice/Transmutation            4
   e - Blade Hands                    Transmutation                5
Comestibles
 d - 2 bread rations
 g - a royal jelly
 i - 2 slices of pizza
 p - a meat ration


   Skills:
 + Level 1.1 Fighting
 - Level 1.5 Dodging
 + Level 0.6 Stealth
 + Level 3.4 Unarmed Combat
 + Level 2.9 Spellcasting
 * Level 2.8 Transmutations


You had 6 spell levels left.
You knew the following spells:

 Your Spells              Type           Power        Failure   Level  Hunger
a - Beastly Appendage     Tmut           ##....       6%          1    None


Dungeon Overview and Level Annotations

Branches:
Dungeon (2/15)

Altars:
Makhleb
Xom


Innate Abilities, Weirdness & Mutations

You have extremely sharp teeth.
When hurt, damage is shared between your health and your magic reserves.
Your bite disrupts and absorbs the magic of your enemies.
Potions and wands cannot restore your health.
You are immune to rotting.


Message History

The worm is moderately wounded.
The worm bites you.
You hit the worm.
The worm is moderately wounded.
The worm bites you!
You hit the worm but do no damage.
The worm is moderately wounded.
You barely miss the worm.
The worm is moderately wounded.
The worm bites you.
You hit the worm. You bite the worm. You drain its power.
You feel invigorated.
The worm is heavily wounded.
The worm bites you!
* * * LOW HITPOINT WARNING * * *
You hit the worm. You bite the worm, but do no damage.
The worm is heavily wounded.
You hit the worm.
The worm is severely wounded.
The worm bites you!
You die...

#........ #.....#.#w#....
#........ #####...#.#.###
#......... .(#....#.#.#
########.##.......# ...
..#.####w#.##### ## #.#
#.#)#.........._ .#
######.###.#.#.##.#######
.# #....>...#....(...# .#
#....<..@w...#....# .#
#........##..#....# .#
#........#...#....# .#
#........#...#....# .#
######.#.#..>#....# .#
#####'#+#...#....# .# ...
##...............#.
......
#............#......
####.#
#............#.......


You could see a worm.

Vanquished Creatures
  2 adders (D:2)
  2 worms (D:2)
  A leopard gecko (D:2)
  A giant cockroach (D:1)
  5 goblins
  A hobgoblin (D:1)
  2 jackals (D:2)
  3 kobolds
  5 bats
  2 frilled lizards (D:1)
  5 rats
29 creatures vanquished.

Notes
Turn   | Place    | Note
-------+----------+-------------------------------------------
     0 | D:1      | Flanowski the Vine Stalker Transmuter began the quest for the Orb.
     0 | D:1      | Reached XP level 1. HP: 9/9 MP: 4/4
    71 | D:1      | Reached skill level 1 in Fighting
    99 | D:1      | Reached XP level 2. HP: 14/14 MP: 4/6
  1010 | D:2      | Reached XP level 3. HP: 14/18 MP: 7/7
  1421 | D:2      | Found a shimmering altar of Xom.
  1421 | D:2      | Found a shimmering altar of Xom.
  1429 | D:2      | Found a shimmering altar of Xom.
  1429 | D:2      | Found a shimmering altar of Xom.
  1436 | D:2      | Found a shimmering altar of Xom.
  1471 | D:2      | Found a burning altar of Makhleb.
  1473 | D:2      | Noticed a blizzard demon
  1915 | D:2      | Slain by a worm

Vault maps used:
D:1:      sevenhm_arrival_forest_fort_small_5
D:2:      makhleb_altar_promises_db, xom_redecorated, tgw_kikubaaqudgha

Skill      XL: |  1 |
---------------+----+-----
Fighting       | 1 |  1.1
Dodging        | |  1.5
Stealth        | |  0.6
Unarmed Combat | |  3.4
Spellcasting   | |  2.9
Transmutations | |  2.8

Action                   || total
-------------------------++-------
Melee: Unarmed           ||    18
       Bite              ||    32
       Headbutt          ||     6
       Short sword       ||    82
       Kick              ||     9
       Punch             ||     2
 Cast: Beastly Appendage ||    17
  Eat: Chunk             ||     2
Armor: Robe              ||    32
Dodge: Dodged            ||    68
